 Dungeon Crawl Stone Soup version 0.29.0-15-g675c0067aa (webtiles) character file.

Game seed: 15325039576659547151

339 qw the Chopper (level 6, -5/38 HPs)
             Began as a Gargoyle Fighter on Sept 12, 2022.
             Slain by a worm (6 damage)
             ... on level 4 of the Dungeon.
             The game lasted 00:02:57 (3514 turns).

qw the Chopper (Gargoyle Fighter)                   Turns: 3514, Time: 00:02:58

Health: -5/38      AC: 12    Str: 21    XL:     6   Next: 55%
Magic:  6/6        EV:  9    Int:  9    God:
Gold:   255        SH:  4    Dex:  9    Spells: 5/5 levels left

rFire   + . .      SeeInvis .   Y - +0 war axe
rCold   . . .      Faith    .   c - +0 buckler
rNeg    + . .      Spirit   .   b - +0 scale mail
rPois   inf        Reflect  .   (no helmet)
rElec   +          Harm     .   (no cloak)
rCorr   .          Rampage  .   j - +0 pair of gloves
Will    +....                   (no boots)
Stlth   ..........              (no amulet)
HPRegen 0.12/turn               k - ring of protection from fire
MPRegen 0.10/turn               o - ring of willpower

@: no status effects
A: sickness immunity, AC +4, negative energy resistance 1, electricity
resistance, torment resistance 1, petrification resistance
a: no special abilities


You were on level 4 of the Dungeon.
You visited 1 branch of the dungeon, and saw 4 of its levels.

You collected 255 gold pieces.


Innate Abilities, Weirdness & Mutations

You are immune to sickness and miasma.
Your stone body is resilient. (AC +4)
You are immune to poison.
You resist negative energy. (rN+)
You are resistant to electric shocks. (rElec)
You are resistant to unholy torment.
You are immune to petrification.


   Skills:
 - Level 4.2 Fighting
 + Level 5.2 Axes
 - Level 1.2 Throwing
 - Level 3.2 Armour
 - Level 1.0 Dodging
 - Level 3.2 Shields


You had 5 spell levels left.
You didn't know any spells.
Your spell library was empty.

Inventory:

Hand Weapons
 t - a +0 club
 Y - a +0 war axe (weapon)
Missiles
 s - 2 silver javelins (quivered)
Armour
 b - a +0 scale mail (worn)
 c - a +0 buckler (worn)
 j - a +0 pair of gloves (worn)
Jewellery
 k - a ring of protection from fire (left hand)
 l - a ring of ice
 o - a ring of willpower (right hand)
 p - a ring of willpower
Scrolls
 m - 2 scrolls of identify
 q - a scroll of fog {unknown}
Potions
 a - a potion of resistance
 d - 3 potions of might
 e - 2 potions of attraction
 f - 2 potions of curing
 g - a potion of cancellation
 h - a potion of lignification
 i - a potion of mutation
 n - a potion of haste {unknown}

Dungeon Overview and Level Annotations

Branches:
Dungeon (4/15)
 Temple: D:4-7

Altars:
Nemelex Xobeh
Trog

Annotations:
D:4 Eustachio


Message History

The quasit misses you. The river rat barely misses you. The worm bites you.
The rat barely misses you. Eustachio hits you but does no damage.
The quasit bites you but does no damage.
You block the quasit's attack. The quasit completely misses you.
You slash the river rat!
You kill the river rat!
The river rat's corpse disappears in a puff of smoke!
You closely miss Eustachio. You barely miss the worm. You miss the quasit.
You hit the iron imp but do no damage. You hit the rat.
The rat closely misses you. The iron imp hits you.
You block the quasit's attack.
The quasit claws you but does no damage.
The quasit barely misses you. The worm bites you! You block the rat's attack.
Eustachio hits you with a +0 rapier! The rat bites you.
You hit the quasit but do no damage.
The quasit is heavily wounded.
You hit the rat.
You kill the rat!
You hit the worm. You closely miss the iron imp. You closely miss the rat.
You barely miss Eustachio. The quasit bites you.
The quasit claws you but does no damage. x2
The rat bites you but does no damage. The shadow imp spits at you.
The iron imp hits you but does no damage.
The worm bites you!
Eustachio mumbles some strange words.
The quasit bites you. The quasit barely misses you.
The quasit claws you but does no damage.
The rat misses you. You block the shadow imp's attack.
You completely miss the quasit.
The quasit is heavily wounded.
You hit the shadow imp but do no damage.
You hit the worm. You hit the iron imp but do no damage. You slash the rat!
You kill the rat!
You miss Eustachio. The quasit closely misses you.
The quasit claws you but does no damage. x2
The worm bites you.
You die...

# # ##### # ##....### #
##....(..# # #.......).
####### #.55w#...)
......#########b@5###...
#####..........@w.#y#._.
###########r.w###...
#r...#...) #.........
##.......# ### ##....###
###... ##### #....#


You could see a moth of wrath, Eustachio, 3 worms, an iron imp (summoned), a
quasit (summoned), a shadow imp (summoned), a quokka (summoned), a bat
(summoned) and a rat (summoned).

Vanquished Creatures
  An ice beast (D:4)
  A scorpion (D:4)
  An orc priest (D:4)
  A hound (D:4)
  An orc wizard (D:4)
  5 adders
  An ufetubus (D:4)
  3 dart slugs
  A worm (D:2)
  3 orcs (D:4)
  4 endoplasms
  3 giant cockroaches
  5 goblins
  5 hobgoblins
  3 jackals (D:3)
  A quokka (D:4)
  4 ball pythons
  5 bats
  A frilled lizard (D:2)
  3 kobolds
  5 rats
57 creatures vanquished.

Notes
Turn   | Place    | Note
-------+----------+-------------------------------------------
     0 | D:1      | qw the Gargoyle Fighter began the quest for the Orb.
     0 | D:1      | Reached XP level 1. HP: 14/14 MP: 1/1
     0 | D:1      | 0 ||| qw: Version: 0.1-a-119-g272c26d
     0 | D:1      | 0 ||| qw: Game counter: 10926
     0 | D:1      | 0 ||| qw: Always use a shield: true
     0 | D:1      | 0 ||| qw: God list: Okawaru
     0 | D:1      | 0 ||| qw: Allow faded altars: false
     0 | D:1      | 0 ||| qw: Do Orc after D:15 true
     0 | D:1      | 0 ||| qw: Do second Lair branch before Depths: true
     0 | D:1      | 0 ||| qw: Lair rune preference: random
     0 | D:1      | 0 ||| qw: Plans: Normal, Zot, God:TSO, Crypt, Tomb, Pan,
                  | Slime, Hells, Zig, Abyss, Orb
     0 | D:1      | 0 ||| PLANNING D:1-11
   194 | D:1      | Reached skill level 2 in Axes
   416 | D:1      | Reached XP level 2. HP: 19/19 MP: 2/2
   893 | D:1      | 893 ||| UPGRADING to +0 pair of gloves.
   898 | D:1      | 898 ||| UPGRADING to ring of protection from fire.
   899 | D:1      | 899 ||| READING scroll labelled KAMAOF HEAPOIW.
   900 | D:1      | 900 ||| READING 2 scrolls labelled XENUTU DUEDGHEI.
   903 | D:1      | 903 ||| READING scroll labelled XOANKA NIPANK.
   904 | D:1      | 904 ||| READING scroll labelled SILIMO MOIRUE.
   976 | D:2      | 976 ||| DRINKING 2 fizzy golden potions.
   977 | D:2      | 977 ||| READING scroll of teleportation.
  1203 | D:2      | Identified the +5 dagger of War {vorpal, Int+2}
  1466 | D:2      | 1466 ||| Stepping ~*~*~tactically~*~*~ (stealth).
  1520 | D:2      | 1520 ||| UPGRADING to ring of willpower.
  1521 | D:2      | 1521 ||| READING scroll labelled UMOICZOVVA.
  1522 | D:2      | 1522 ||| DRINKING 2 pink potions.
  1523 | D:2      | 1523 ||| DRINKING 2 fuming black potions.
  1524 | D:2      | 1524 ||| DROPPING potion of flight.
  1525 | D:2      | 1525 ||| Stepping randomly (stuck).
  1527 | D:2      | 1527 ||| Stepping randomly (stuck).
  1529 | D:2      | 1529 ||| Stepping randomly (stuck).
  1530 | D:2      | 1530 ||| Stepping randomly (stuck).
  1532 | D:2      | 1532 ||| Stepping randomly (stuck).
  1534 | D:2      | 1534 ||| Stepping randomly (stuck).
  1536 | D:2      | 1536 ||| Stepping randomly (stuck).
  1537 | D:2      | 1537 ||| Stepping randomly (stuck).
  1538 | D:2      | 1538 ||| Stepping randomly (stuck).
  1540 | D:2      | 1540 ||| Stepping randomly (stuck).
  1542 | D:2      | 1542 ||| Stepping randomly (stuck).
  1544 | D:2      | 1544 ||| Stepping randomly (stuck).
  1545 | D:2      | 1545 ||| Stepping randomly (stuck).
  1548 | D:2      | 1548 ||| Stepping randomly (stuck).
  1549 | D:2      | 1549 ||| Stepping randomly (stuck).
  1550 | D:2      | 1550 ||| Stepping randomly (stuck).
  1551 | D:2      | 1551 ||| Stepping randomly (stuck).
  1552 | D:2      | 1552 ||| Stepping randomly (stuck).
  1555 | D:2      | 1555 ||| Stepping randomly (stuck).
  1556 | D:2      | 1556 ||| Stepping randomly (stuck).
  1557 | D:2      | 1557 ||| Stepping randomly (stuck).
  1558 | D:2      | 1558 ||| Stepping randomly (stuck).
  1559 | D:2      | 1559 ||| Stepping randomly (stuck).
  1562 | D:2      | 1562 ||| Stepping randomly (stuck).
  1563 | D:2      | 1563 ||| Stepping randomly (stuck).
  1564 | D:2      | 1564 ||| Stepping randomly (stuck).
  1565 | D:2      | 1565 ||| Stepping randomly (stuck).
  1566 | D:2      | 1566 ||| Stepping randomly (stuck).
  1567 | D:2      | 1567 ||| Stepping randomly (stuck).
  1568 | D:2      | 1568 ||| Stepping randomly (stuck).
  1569 | D:2      | 1569 ||| Stepping randomly (stuck).
  1570 | D:2      | 1570 ||| Stepping randomly (stuck).
  1573 | D:2      | 1573 ||| Stepping randomly (stuck).
  1575 | D:2      | 1575 ||| Stepping randomly (stuck).
  1576 | D:2      | 1576 ||| Stepping randomly (stuck).
  1577 | D:2      | 1577 ||| Stepping randomly (stuck).
  1578 | D:2      | 1578 ||| Stepping randomly (stuck).
  1581 | D:2      | 1581 ||| Stepping randomly (stuck).
  1582 | D:2      | 1582 ||| Stepping randomly (stuck).
  1583 | D:2      | 1583 ||| Stepping randomly (stuck).
  1584 | D:2      | 1584 ||| Stepping randomly (stuck).
  1586 | D:2      | 1586 ||| Stepping randomly (stuck).
  1588 | D:2      | 1588 ||| Stepping randomly (stuck).
  1589 | D:2      | 1589 ||| Stepping randomly (stuck).
  1591 | D:2      | 1591 ||| Stepping randomly (stuck).
  1592 | D:2      | 1592 ||| Stepping randomly (stuck).
  1593 | D:2      | 1593 ||| Stepping randomly (stuck).
  1594 | D:2      | 1594 ||| Stepping randomly (stuck).
  1595 | D:2      | 1595 ||| Stepping randomly (stuck).
  1596 | D:2      | 1596 ||| Stepping randomly (stuck).
  1598 | D:2      | 1598 ||| Stepping randomly (stuck).
  1599 | D:2      | 1599 ||| Stepping randomly (stuck).
  1600 | D:2      | 1600 ||| Stepping randomly (stuck).
  1601 | D:2      | 1601 ||| Stepping randomly (stuck).
  1602 | D:2      | 1602 ||| Stepping randomly (stuck).
  1603 | D:2      | 1603 ||| Stepping randomly (stuck).
  1604 | D:2      | 1604 ||| Stepping randomly (stuck).
  1605 | D:2      | 1605 ||| Stepping randomly (stuck).
  1606 | D:2      | 1606 ||| Stepping randomly (stuck).
  1607 | D:2      | 1607 ||| Stepping randomly (stuck).
  1608 | D:2      | 1608 ||| Stepping randomly (stuck).
  1609 | D:2      | 1609 ||| Stepping randomly (stuck).
  1610 | D:2      | 1610 ||| Stepping randomly (stuck).
  1612 | D:2      | 1612 ||| Stepping randomly (stuck).
  1613 | D:2      | 1613 ||| Stepping randomly (stuck).
  1614 | D:2      | 1614 ||| Stepping randomly (stuck).
  1615 | D:2      | 1615 ||| Stepping randomly (stuck).
  1616 | D:2      | 1616 ||| Stepping randomly (stuck).
  1617 | D:2      | 1617 ||| Stepping randomly (stuck).
  1618 | D:2      | 1618 ||| Stepping randomly (stuck).
  1619 | D:2      | 1619 ||| Stepping randomly (stuck).
  1622 | D:2      | 1622 ||| Stepping randomly (stuck).
  1623 | D:2      | 1623 ||| Stepping randomly (stuck).
  1624 | D:2      | 1624 ||| Stepping randomly (stuck).
  1626 | D:2      | 1626 ||| Stepping randomly (stuck).
  1627 | D:2      | 1627 ||| Stepping randomly (stuck).
  1628 | D:2      | 1628 ||| Stepping randomly (stuck).
  1634 | D:2      | 1634 ||| Stepping randomly (stuck).
  1639 | D:2      | 1639 ||| Stepping randomly (stuck).
  1640 | D:2      | 1640 ||| Stepping randomly (stuck).
  1642 | D:2      | Reached skill level 3 in Axes
  1642 | D:2      | Reached XP level 3. HP: 23/23 MP: 3/3
  1642 | D:2      | 1642 ||| Stepping randomly (stuck).
  1643 | D:2      | 1643 ||| Stepping randomly (stuck).
  1644 | D:2      | 1644 ||| Stepping randomly (stuck).
  1645 | D:2      | 1645 ||| Stepping randomly (stuck).
  1646 | D:2      | 1646 ||| Stepping randomly (stuck).
  1647 | D:2      | 1647 ||| Stepping randomly (stuck).
  1649 | D:2      | 1649 ||| Stepping randomly (stuck).
  1650 | D:2      | 1650 ||| Stepping randomly (stuck).
  1651 | D:2      | 1651 ||| Stepping randomly (stuck).
  1653 | D:2      | 1653 ||| Stepping randomly (stuck).
  1655 | D:2      | 1655 ||| Stepping randomly (stuck).
  1657 | D:2      | 1657 ||| Stepping randomly (stuck).
  1658 | D:2      | 1658 ||| Stepping randomly (stuck).
  1659 | D:2      | 1659 ||| Stepping randomly (stuck).
  1660 | D:2      | 1660 ||| Stepping randomly (stuck).
  1661 | D:2      | 1661 ||| Stepping randomly (stuck).
  1663 | D:2      | 1663 ||| Stepping randomly (stuck).
  1664 | D:2      | 1664 ||| Stepping randomly (stuck).
  1666 | D:2      | 1666 ||| Stepping randomly (stuck).
  1667 | D:2      | 1667 ||| Stepping randomly (stuck).
  1669 | D:2      | 1669 ||| Stepping randomly (stuck).
  1670 | D:2      | 1670 ||| Stepping randomly (stuck).
  1671 | D:2      | 1671 ||| Stepping randomly (stuck).
  1672 | D:2      | 1672 ||| Stepping randomly (stuck).
  1679 | D:2      | 1679 ||| Stepping randomly (stuck).
  1680 | D:2      | 1680 ||| Stepping randomly (stuck).
  1681 | D:2      | 1681 ||| Stepping randomly (stuck).
  1682 | D:2      | 1682 ||| Stepping randomly (stuck).
  1683 | D:2      | 1683 ||| Stepping randomly (stuck).
  1687 | D:2      | 1687 ||| Stepping randomly (stuck).
  1688 | D:2      | 1688 ||| Stepping randomly (stuck).
  1689 | D:2      | 1689 ||| Stepping randomly (stuck).
  1691 | D:2      | 1691 ||| Stepping randomly (stuck).
  1692 | D:2      | 1692 ||| Stepping randomly (stuck).
  1699 | D:2      | 1699 ||| Stepping randomly (stuck).
  1700 | D:2      | 1700 ||| Stepping randomly (stuck).
  1701 | D:2      | 1701 ||| Stepping randomly (stuck).
  1705 | D:2      | 1705 ||| Stepping randomly (stuck).
  1706 | D:2      | 1706 ||| Stepping randomly (stuck).
  1707 | D:2      | 1707 ||| Stepping randomly (stuck).
  1708 | D:2      | 1708 ||| Stepping randomly (stuck).
  1709 | D:2      | 1709 ||| Stepping randomly (stuck).
  1711 | D:2      | 1711 ||| Stepping randomly (stuck).
  1712 | D:2      | 1712 ||| Stepping randomly (stuck).
  1714 | D:2      | 1714 ||| Stepping randomly (stuck).
  1715 | D:2      | 1715 ||| Stepping randomly (stuck).
  1735 | D:2      | 1735 ||| Stepping randomly (stuck).
  1740 | D:2      | 1740 ||| Stepping randomly (stuck).
  1741 | D:2      | 1741 ||| Stepping randomly (stuck).
  1742 | D:2      | 1742 ||| Stepping randomly (stuck).
  1743 | D:2      | 1743 ||| Stepping randomly (stuck).
  1744 | D:2      | 1744 ||| Stepping randomly (stuck).
  1745 | D:2      | 1745 ||| Stepping randomly (stuck).
  1746 | D:2      | 1746 ||| Stepping randomly (stuck).
  1747 | D:2      | 1747 ||| Stepping randomly (stuck).
  1748 | D:2      | 1748 ||| Stepping randomly (stuck).
  1749 | D:2      | 1749 ||| Stepping randomly (stuck).
  1750 | D:2      | 1750 ||| Stepping randomly (stuck).
  1751 | D:2      | 1751 ||| Stepping randomly (stuck).
  1752 | D:2      | 1752 ||| Stepping randomly (stuck).
  1753 | D:2      | 1753 ||| Stepping randomly (stuck).
  1754 | D:2      | 1754 ||| Stepping randomly (stuck).
  1755 | D:2      | 1755 ||| Stepping randomly (stuck).
  1756 | D:2      | 1756 ||| Stepping randomly (stuck).
  1757 | D:2      | 1757 ||| Stepping randomly (stuck).
  1758 | D:2      | 1758 ||| Stepping randomly (stuck).
  1760 | D:2      | 1760 ||| Stepping randomly (stuck).
  1762 | D:2      | 1762 ||| Stepping randomly (stuck).
  1763 | D:2      | 1763 ||| Stepping randomly (stuck).
  1764 | D:2      | 1764 ||| Stepping randomly (stuck).
  1765 | D:2      | 1765 ||| Stepping randomly (stuck).
  1766 | D:2      | 1766 ||| Stepping randomly (stuck).
  1767 | D:2      | 1767 ||| Stepping randomly (stuck).
  1768 | D:2      | 1768 ||| Stepping randomly (stuck).
  1769 | D:2      | 1769 ||| Stepping randomly (stuck).
  1770 | D:2      | 1770 ||| Stepping randomly (stuck).
  1771 | D:2      | 1771 ||| Stepping randomly (stuck).
  1772 | D:2      | 1772 ||| Stepping randomly (stuck).
  1773 | D:2      | 1773 ||| Stepping randomly (stuck).
  1776 | D:2      | 1776 ||| Stepping randomly (stuck).
  1777 | D:2      | 1777 ||| Stepping randomly (stuck).
  1778 | D:2      | 1778 ||| Stepping randomly (stuck).
  1779 | D:2      | 1779 ||| Stepping randomly (stuck).
  1780 | D:2      | 1780 ||| Stepping randomly (stuck).
  1781 | D:2      | 1781 ||| Stepping randomly (stuck).
  1782 | D:2      | 1782 ||| Stepping randomly (stuck).
  1783 | D:2      | 1783 ||| Stepping randomly (stuck).
  1784 | D:2      | 1784 ||| Stepping randomly (stuck).
  1785 | D:2      | 1785 ||| Stepping randomly (stuck).
  1786 | D:2      | 1786 ||| Stepping randomly (stuck).
  1787 | D:2      | 1787 ||| Stepping randomly (stuck).
  1788 | D:2      | 1788 ||| Stepping randomly (stuck).
  1789 | D:2      | 1789 ||| Stepping randomly (stuck).
  1790 | D:2      | 1790 ||| Stepping randomly (stuck).
  1791 | D:2      | 1791 ||| Stepping randomly (stuck).
  1801 | D:2      | 1801 ||| Stepping randomly (stuck).
  1836 | D:2      | 1836 ||| READING 2 scrolls of identify.
  1836 | D:2      | 1836 ||| IDENTIFYING silvery potion
  1837 | D:2      | 1837 ||| Stepping randomly (stuck).
  1838 | D:2      | 1838 ||| Stepping randomly (stuck).
  1839 | D:2      | 1839 ||| Stepping randomly (stuck).
  1841 | D:2      | 1841 ||| Stepping randomly (stuck).
  1843 | D:2      | 1843 ||| Stepping randomly (stuck).
  1844 | D:2      | 1844 ||| Stepping randomly (stuck).
  1845 | D:2      | 1845 ||| Stepping randomly (stuck).
  1846 | D:2      | 1846 ||| Stepping randomly (stuck).
  1850 | D:2      | 1850 ||| Stepping randomly (stuck).
  1851 | D:2      | 1851 ||| Stepping randomly (stuck).
  1852 | D:2      | 1852 ||| Stepping randomly (stuck).
  1988 | D:3      | Reached skill level 1 in Throwing
  2070 | D:3      | 2070 ||| Stepping ~*~*~tactically~*~*~ (stealth).
  2189 | D:3      | Reached XP level 4. HP: 22/28 MP: 4/4
  2758 | D:3      | 2758 ||| READING scroll labelled WALYET EBU.
  2759 | D:3      | 2759 ||| READING scroll labelled XIFOERASS.
  2760 | D:3      | 2760 ||| READING 4 scrolls of identify.
  2760 | D:3      | 2760 ||| IDENTIFYING dark potion
  2761 | D:3      | 2761 ||| READING 3 scrolls of identify.
  2761 | D:3      | 2761 ||| IDENTIFYING glowing yellow potion
  2762 | D:3      | 2762 ||| READING 2 scrolls of identify.
  2762 | D:3      | 2762 ||| IDENTIFYING fuming coppery potion
  2800 | D:4      | Found a sparkling altar of Nemelex Xobeh.
  2823 | D:4      | 2823 ||| FLEEEEING.
  2824 | D:4      | 2824 ||| FLEEEEING.
  2825 | D:4      | 2825 ||| FLEEEEING.
  2827 | D:4      | 2827 ||| STAIRDANCE
  2883 | D:4      | Noticed a scorpion
  2887 | D:4      | Killed a scorpion
  2888 | D:4      | Reached skill level 4 in Axes
  2888 | D:4      | Reached XP level 5. HP: 32/32 MP: 5/5
  2898 | D:4      | Noticed an ice beast
  2911 | D:4      | Killed an ice beast
  2912 | D:4      | Reached skill level 5 in Axes
  2918 | D:4      | Reached XP level 6. HP: 33/37 MP: 6/6
  3002 | D:4      | Identified the +7 dagger of Zumaigun {flame, *Noise Fly
                  | Will- Int+3}
  3125 | D:4      | HP: 9/38 [something (1)]
  3126 | D:4      | 3126 ||| DRINKING potion of heal wounds.
  3404 | D:4      | 3404 ||| READING scroll labelled OHITES GUZI.
  3405 | D:4      | 3405 ||| READING scroll labelled HUS LETIMAST.
  3406 | D:4      | 3406 ||| DRINKING 3 smoky puce potions.
  3413 | D:4      | Reached skill level 1 in Dodging
  3500 | D:4      | Noticed a moth of wrath
  3502 | D:4      | Noticed Eustachio
  3505 | D:4      | Found a bloodstained altar of Trog.
  3513 | D:4      | HP: 2/38 [worm (9)]
  3514 | D:4      | Slain by a worm

Levels and vault maps discovered:
D:1:      lemuel_arrival_room, layout_loops_corners, minivault_27
D:2:      layout_loops_ring, minmay_puff
D:3:      layout_loops_ring, serial_aquarium, aquarium_bridge_square
          [aquarium_subvault_bridge, aquarium_subvault_balcony,
          aquarium_subvault_wall, aquarium_subvault_wall], aquarium_window_2,
          aquarium_window_corridor_1, aquarium_window_2, aquarium_view_2c,
          aquarium_view_2d, aquarium_pool_five
D:4:      layout_rooms, amcnicky_altar_gilded, tgw_trog, roderic_lattice_a,
          kennysheep_generic_room_5, uniq_eustachio

Skill      XL: |  1  2  3  4  5  6 |
---------------+-------------------+-----
Axes           | 2 3 4 5 |  5.2
Throwing       | 1 |  1.2
Fighting       | 4 |  4.2
Dodging        | 1 |  1.0
Armour         | |  3.2
Shields        | |  3.2

Action                   |  1- 3 |  4- 6 || total
-------------------------+-------+-------++-------
Melee: War axe           |    64 |    66 ||   130
Throw: Javelin           |    20 |    19 ||    39
  Use: Scroll            |     7 |     7 ||    14
       Potion            |     3 |     2 ||     5
Armor: Scale mail        |    48 |    69 ||   117
Dodge: Dodged            |    43 |    45 ||    88
Block: Buckler           |    18 |    19 ||    37

Table legend:
 A = Non-vault XP
 B = Vault XP
 C = Vault XP percentage of total XP
 D = Non-vault monster count
 E = Vault monster count
 F = Vault count percentage of total count
                 A         B        C        D         E       F
            +---------+---------+-------+---------+---------+-------
      Total |     461 |      25 |   5.1 |      50 |       7 |  12.3
            +---------+---------+-------+---------+---------+-------
        D:1 |      17 |       0 |   0.0 |      10 |       0 |   0.0
        D:2 |       7 |      23 |  76.7 |       4 |       5 |  55.6
        D:3 |      49 |       0 |   0.0 |      16 |       0 |   0.0
        D:4 |     388 |       2 |   0.5 |      20 |       2 |   9.1
            +---------+---------+-------+---------+---------+-------
